 Dungeon Crawl Stone Soup version 0.28.0-43-g3370ac3207 (webtiles) character file.

Game seed: 11676302783243953785

56 pkoi the Charlatan (level 3, -7/29 HPs)
             Began as a Demigod Artificer on Mar 24, 2022.
             Mangled by Crazy Yiuf
             ... wielding a +4 quarterstaff of chaos
              (12 damage)
             ... on level 2 of the Dungeon.
             The game lasted 00:02:55 (3078 turns).

pkoi the Charlatan (Demigod Artificer)              Turns: 3078, Time: 00:02:56

Health: -7/29      AC:  3    Str: 13    XL:     3   Next: 48%
Magic:  14/14      EV: 11    Int: 17    God:
Gold:   79         SH:  0    Dex: 14    Spells: 2/2 levels left

rFire   . . .      SeeInvis .   i - +0 dagger (venom)
rCold   . . .      Faith    .   (no shield)
rNeg    . . .      Spirit   .   b - +0 leather armour
rPois   .          Reflect  .   (no helmet)
rElec   .          Harm     .   (no cloak)
rCorr   .          Rampage  .   (no gloves)
Will    .....                   (no boots)
Stlth   +.........              (no amulet)
HPRegen 0.09/turn               m - ring of magical power
MPRegen 0.14/turn               (no ring)

@: no status effects
A: high MP 1, forlorn, divine attributes
a: no special abilities


You were on level 2 of the Dungeon.
You visited 1 branch of the dungeon, and saw 2 of its levels.

You collected 79 gold pieces.

Inventory:

Hand Weapons
 a - a +0 club
 g - a +0 hand axe
 i - a +0 dagger of venom (weapon)
Missiles
 f - a throwing net
 o - 6 poisoned darts
Armour
 b - a +0 leather armour (worn)
Jewellery
 m - a ring of magical power (left hand)
Wands
 c - a wand of flame (10) (quivered)
 d - a wand of charming (14)
Scrolls
 h - a scroll of identify
 j - a scroll of teleportation
 n - a scroll of enchant weapon {unknown}
Potions
 k - a potion of haste
 l - a potion of resistance
Miscellaneous
 e - a piece from Xom's chessboard (15/15)


   Skills:
 + Level 1.7 Fighting
 + Level 2.3 Armour
 + Level 1.7 Dodging
 - Level 0.8 Stealth
 + Level 3.1 Evocations


You had 2 spell levels left.
You didn't know any spells.
Your spell library contained the following spells:

 Spells                   Type           Power      Damage    Failure   Level
 Gell's Gravitas          Tloc           0%         N/A       65%         3
 Teleport Other           Tloc           0%         N/A       65%         3
 Dispersal                Tloc           0%         N/A       100%        6


Dungeon Overview and Level Annotations

Branches:
Dungeon (2/15)

Annotations:
D:2 Crazy Yiuf


Innate Abilities, Weirdness & Mutations

You have an increased reservoir of magic. (+10% MP)
You shall have no god before yourself.
Your divine heritage dramatically boosts your attributes as you level up.


Message History

* * * LOW HITPOINT WARNING * * *
You closely miss the quokka.
The quokka twitches its whiskers.
The quokka completely misses you.
The quokka twitches its whiskers.
The quokka misses you.
You closely miss the quokka. The quokka bites you.
* * * LOW HITPOINT WARNING * * *
You miss the quokka.
The quokka bites you but does no damage.
You miss the quokka. The quokka closely misses you.
You hit the quokka.
The quokka is poisoned.
The quokka is almost dead.
The quokka bites you.
* * * LOW HITPOINT WARNING * * *
You barely miss the quokka.
The quokka is almost dead.
The quokka closely misses you. The quokka bites you.
* * * LOW HITPOINT WARNING * * *
You hit the quokka but do no damage.
The quokka looks as sick as possible!
The quokka is almost dead.
You kill the quokka!
You see here a quokka corpse.
You start resting.
HP restored.
Things that are here:
a +0 club; a +0 hunting sling; 25 stones You open the door.
You hit Crazy Yiuf.
Crazy Yiuf is lightly wounded.
Crazy Yiuf barely misses you.
You hit Crazy Yiuf but do no damage.
Crazy Yiuf is poisoned.
Crazy Yiuf is lightly wounded.
Crazy Yiuf hits you with a +4 quarterstaff of chaos!
Ouch! That really hurt!
* * * LOW HITPOINT WARNING * * *
Crazy Yiuf burns you!
* * * LOW HITPOINT WARNING * * *
Crazy Yiuf hits you with a +4 quarterstaff of chaos!
You die...

## .# ## .# #. .###########♣♣ ###
#. .......##..#.♣♣ ♣♣#..)#
#######. ..............♣♣♣♣.'...#
#....... #.#..#.........♣@g♣#...#
######.. #.#..#..##.#..♣.♣♣♣ ###
######.. #.#.....####♣♣♣♣♣
#....... #.##.##.# ######.#
#.##.##.# ### ######.......
#.##....#########.###..[.####...#
.................................
..###############.###.##.#.#.....
### #..)...##.#.......


You could see Crazy Yiuf (poisoned).

Vanquished Creatures
  3 adders (D:2)
  5 ball pythons
  3 hobgoblins
  3 quokkas
  3 bats (D:2)
  A frilled lizard (D:2)
  4 goblins (D:2)
  4 kobolds
  4 rats
30 creatures vanquished.

Vanquished Creatures (collateral kills)
  A ball python (D:2)
1 creature vanquished.

Grand Total: 31 creatures vanquished

Notes
Turn   | Place    | Note
-------+----------+-------------------------------------------
     0 | D:1      | pkoi the Demigod Artificer began the quest for the Orb.
     0 | D:1      | Reached XP level 1. HP: 15/15 MP: 3/3
   288 | D:1      | Reached skill level 1 in Fighting
   288 | D:1      | Reached skill level 1 in Dodging
  1181 | D:1      | Reached XP level 2. HP: 14/23 MP: 4/4
  1631 | D:2      | Reached skill level 3 in Evocations
  2278 | D:2      | Reached XP level 3. HP: 14/28 MP: 5/5
  2502 | D:2      | Found a runed translucent door.
  2503 | D:2      | Noticed Crazy Yiuf
  3078 | D:2      | Mangled by Crazy Yiuf

Illustrated notes

Levels and vault maps discovered:
D:1:      onia_arrival_pentagram, layout_basic
D:2:      layout_basic, hellmonk_ecumenical_altar_zigzags,
          uniq_crazy_yiuf_cottage

Skill      XL: |  1  2 |
---------------+-------+-----
Fighting       | 1 |  1.7
Dodging        | 1 |  1.7
Armour         | 2 |  2.3
Evocations     | 3 |  3.1
Stealth        | |  0.8

Action                   || total
-------------------------++-------
Melee: Club              ||    19
       Dagger            ||    90
       Hand axe          ||     5
Evoke: Wand              ||     6
       Piece from Xom's  ||     1
  Use: Scroll            ||     6
 Stab: Sleeping          ||     3
Armor: Leather armour    ||    19
Dodge: Dodged            ||    90
